 Dungeon Crawl Stone Soup version 0.29-a0-821-g66395355a5 (webtiles) character file.

Game seed: 8974487052703648076

4317 avis the Skirmisher (level 9, 0/75 HPs)
             Began as a Demigod Ice Elementalist on July 7, 2022.
             Slain by a yak (11 damage)
             ... on level 7 of the Dungeon on July 8, 2022.
             The game lasted 01:04:04 (9389 turns).

avis the Skirmisher (Demigod Ice Elementalist)      Turns: 9389, Time: 01:04:05

Health: 0/75       AC: 14    Str:  9    XL:     9   Next: 87%
Magic:  1/20       EV: 14    Int: 23    God:
Gold:   379        SH:  0    Dex: 26    Spells: 11/18 levels left

rFire   . . .      SeeInvis .   a - +0 arbalest
rCold   . . .      Faith    .   (shield currently unavailable)
rNeg    + . .      Spirit   .   v - +1 robe {rN+}
rPois   .          Reflect  .   o - +0 helmet
rElec   .          Harm     .   u - +0 cloak
rCorr   .          Rampage  .   (no gloves)
Will    .....                   (no boots)
Stlth   +++.......              (no amulet)
HPRegen 0.22/turn               z - +6 ring of intelligence
MPRegen 0.17/turn               (no ring)

@: ice-armoured
A: high MP 1, forlorn, divine attributes
a: no special abilities


You were on level 7 of the Dungeon.
You visited 2 branches of the dungeon, and saw 9 of its levels.

You collected 379 gold pieces.

Inventory:

Hand Weapons
 a - a +0 arbalest (weapon)
 f - a +3 quarterstaff of chaos
 m - a +0 sling
 p - a +1 whip of flaming
 w - a +0 falchion
 B - a +0 great sword
 C - a +2 flail of holy wrath
Missiles
 k - 17 poisoned darts
 r - 2 silver boomerangs
 x - 4 boomerangs of dispersal
 A - 2 throwing nets
 D - a curare-tipped dart
Armour
 o - a +0 helmet (worn)
 u - a +0 cloak (worn)
 v - a +1 robe of positive energy (worn)
Magical Staves
 b - a staff of cold
Jewellery
 z - a +6 ring of intelligence (left hand)
Wands
 y - a wand of iceblast (7)
 E - a wand of quicksilver (14)
 F - a wand of polymorph (19)
Scrolls
 d - 2 scrolls of blinking
 g - 3 scrolls of teleportation
 i - 3 scrolls of amnesia
 s - a scroll of identify
Potions
 c - a potion of attraction {unknown}
 e - 2 potions of cancellation
 h - 3 potions of lignification
 j - 6 potions of curing
 l - 6 potions of might
 n - 2 potions of magic
 q - a potion of mutation {unknown}
 t - 2 potions of flight


   Skills:
 * Level 6.1 Fighting
 - Level 4.0 Long Blades
 - Level 8.0 Ranged Weapons
 - Level 3.0 Dodging
 - Level 3.0 Stealth
 - Level 5.0 Spellcasting
 - Level 6.0 Ice Magic


You had 11 spell levels left.
You knew the following spells:

 Your Spells              Type           Power      Damage    Failure   Level
a - Freeze                Ice            100%       1d11      1%          1
o - Ozocubu's Armour      Ice            33%        N/A       2%          3
r - Frozen Ramparts       Ice            66%        1d8       2%          3

Your spell library contained the following spells:

 Spells                   Type           Power      Damage    Failure   Level
 Summon Small Mammal      Summ           20%        N/A       10%         1
 Hailstorm                Conj/Ice       19%        3d6       26%         4
 Call Canine Familiar     Summ           5%         N/A       28%         3
 Dazzling Flash           Conj/Hex       10%        N/A       28%         3
 Ignite Poison            Fire/Tmut/Pois 5%         N/A       28%         3
 Mephitic Cloud           Conj/Pois/Air  5%         N/A       28%         3
 Summon Guardian Golem    Hex/Summ       5%         N/A       28%         3
 Freezing Cloud           Conj/Ice/Air   7%         6-21      75%         5
 Agony                    Necr           5%         N/A       95%         5
 Silence                  Hex/Air        2%         N/A       95%         5


Dungeon Overview and Level Annotations

Branches:
Dungeon (8/15)             Temple (1/1) D:6
   Lair: D:8-11

Annotations:
D:5 3 runed translucent doors, EnronHubbard's ghost, amateur MeWn; Wiilli's ghost, amateur SpVM; gdog's ghost, weakling GnDe; kevlar127's ghost, novice TrBe


Innate Abilities, Weirdness & Mutations

You have an increased reservoir of magic. (+10% MP)
You shall have no god before yourself.
Your divine heritage dramatically boosts your attributes as you level up.


Message History

Press: ? - help, Shift-Dir - straight line, f/p - yak
Aim: a yak (severely wounded)
You feel a surge of power!
You freeze the yak.
The yak is severely wounded.
The yak closely misses you.
Unknown command.
Casting: Freeze (safe; 1% risk of failure)
Confirm with . or Enter, or press ? or * to list all spells.
Aiming: Freeze (safe; 1% risk of failure)
Press: ? - help, Shift-Dir - straight line, f/p - yak
Aim: a yak (severely wounded)
You feel a surge of power!
You freeze the yak.
The yak is almost dead.
The yak barely misses you.
Unknown command.
Casting: Freeze (safe; 1% risk of failure)
Confirm with . or Enter, or press ? or * to list all spells.
Aiming: Freeze (safe; 1% risk of failure)
Press: ? - help, Shift-Dir - straight line, f/p - yak
Aim: a yak (almost dead)
You feel a surge of power!
You freeze the yak.
You kill the yak!
Training target 8.0 for Ranged Weapons reached!
Your Ranged Weapons skill increases to level 8!
You need to enable at least one skill for training.
a - a +0 arbalest (weapon)
The yak gores you.
* * * LOW HITPOINT WARNING * * *
Fire: a) +0 arbalest
Press: ? - help, Q - select action, (/) - cycle Shift-Dir - straight line, f - yak
Aim: a yak (77% to hit)
You shoot a bolt. The bolt completely misses the yak.
The yak barely misses you.
Fire: a) +0 arbalest
Press: ? - help, Q - select action, (/) - cycle Shift-Dir - straight line, f/p - yak
Aim: a yak (77% to hit)
You shoot a bolt.
The bolt hits the yak but does no damage.
The yak closely misses you. The yak gores you!
You die...

#.#####.##.....................
#.....#.##....÷.......[...#####
#####.#.#......>.≈≈≈≈≈≈≈.......
#.#.####.#÷#.≈≈####≈..#####
#.#.# #.#.#.≈≈#.>#≈..# # #.#.#
#.#...≈≈)..#≈..# #.#.#
#)#)..≈≈'..#≈.## #...#
#)#Y#.≈≈'..#≈.## #####
#<#@#.≈≈#.∩#≈..#
######.#.≈≈####≈..#####
#........≈≈≈≈≈≈≈.......
#......................
#............##.#......
#............##........
######............##########
#.................#
#.................#


You could see a yak.

Vanquished Creatures
  A two-headed ogre (D:7)
  Pikel (D:7)
  Grinder (D:5)
  5 yaks (D:7)
  Menkaure (D:5)
  A steam dragon (D:6)
  Edmund (D:5)
  An ice beast (D:6)
  An orc warrior (D:7)
  A black bear (D:4)
  2 sky beasts (D:7)
  2 phantoms
  A lemure (D:6)
  A kobold brigand (D:7)
  Blork the orc (D:4)
  4 bullfrogs
  2 necrophages
  A scorpion (D:5)
  2 howler monkeys
  2 orc priests
  3 hounds
  Crazy Yiuf (D:7)
  An iguana (D:5)
  4 orc wizards
  Robin (D:2)
  19 gnolls
  8 adders
  A white imp (D:5)
  2 ufetubi (D:5)
  3 worms
  6 dart slugs
  25 orcs
  6 ball pythons
  3 endoplasms
  3 giant cockroaches
  16 goblins
  6 hobgoblins
  12 kobolds
  3 quokkas
  3 bats
  2 frilled lizards
  4 rats
  A butterfly (D:6)
165 creatures vanquished.

Vanquished Creatures (others)
  2 withered plants (D:5)
2 creatures vanquished.

Grand Total: 167 creatures vanquished

Notes
Turn   | Place    | Note
-------+----------+-------------------------------------------
     0 | D:1      | avis the Demigod Ice Elementalist began the quest for the
                  | Orb.
     0 | D:1      | Reached XP level 1. HP: 14/14 MP: 5/5
   157 | D:1      | Reached skill level 1 in Fighting
   416 | D:1      | Reached XP level 2. HP: 23/23 MP: 5/7
   896 | D:2      | Reached XP level 3. HP: 29/29 MP: 2/8
  1002 | D:2      | Noticed Robin
  1021 | D:1      | Learned a level 3 spell: Ozocubu's Armour
  1216 | D:2      | Killed Robin
  1477 | D:2      | Reached XP level 4. HP: 37/37 MP: 9/9
  1932 | D:3      | Noticed a phantom
  1965 | D:2      | Killed a phantom
  1966 | D:2      | Reached XP level 5. HP: 37/45 MP: 7/12
  2514 | D:3      | Reached skill level 5 in Ice Magic
  2748 | D:3      | Reached XP level 6. HP: 27/51 MP: 10/13
  2911 | D:3      | Learned a level 3 spell: Frozen Ramparts
  3021 | D:4      | Noticed Blork the orc
  3035 | D:4      | Killed Blork the orc
  3232 | D:4      | Identified the +1 chain mail of the Mind {Fly MP-9 Str+2
                  | Int+2}
  4441 | D:5      | Entered Level 5 of the Dungeon
  4446 | D:5      | Reached XP level 7. HP: 51/59 MP: 13/15
  4768 | D:5      | Found a runed translucent gate.
  4771 | D:5      | Found a runed translucent gate.
  4771 | D:5      | Noticed kevlar127's ghost (novice TrBe)
  4772 | D:5      | Found a runed translucent gate.
  4772 | D:5      | Noticed gdog's ghost (weakling GnDe)
  4772 | D:5      | Noticed EnronHubbard's ghost (amateur MeWn)
  4773 | D:5      | Noticed Wiilli's ghost (amateur SpVM)
  4802 | D:5      | Noticed Grinder
  4818 | D:5      | Killed Grinder
  4819 | D:5      | Reached skill level 1 in Ranged Weapons
  5021 | D:5      | Reached skill level 2 in Ranged Weapons
  5283 | D:5      | Noticed Edmund
  5299 | D:5      | Killed Edmund
  5511 | D:5      | Noticed Menkaure
  5526 | D:5      | Killed Menkaure
  5527 | D:5      | Reached XP level 8. HP: 37/66 MP: 17/17
  5908 | D:5      | Reached skill level 3 in Ranged Weapons
  6482 | D:5      | Reached skill level 4 in Ranged Weapons
  6885 | D:6      | Reached skill level 5 in Spellcasting
  7109 | D:6      | Found a staircase to the Ecumenical Temple.
  7156 | Temple   | Entered the Ecumenical Temple
  7296 | D:6      | Reached skill level 5 in Fighting
  7522 | D:7      | Identified a scroll of acquirement
  7579 | D:7      | Noticed Pikel
  7581 | D:7      | Found a flagged portal.
  7828 | D:7      | Killed Pikel
  7829 | D:7      | Reached XP level 9. HP: 56/74 MP: 17/20
  7838 | D:6      | Reached skill level 5 in Ranged Weapons
  8316 | D:7      | Acquired a staff of cold
  8402 | D:7      | Found a runed translucent door.
  8403 | D:7      | Noticed Crazy Yiuf
  8414 | D:7      | Killed Crazy Yiuf
  8470 | D:7      | Noticed a two-headed ogre
  8482 | D:7      | Killed a two-headed ogre
  8483 | D:7      | Reached skill level 6 in Ranged Weapons
  8819 | D:7      | Reached skill level 7 in Ranged Weapons
  9387 | D:7      | Reached skill level 8 in Ranged Weapons
  9389 | D:7      | Slain by a yak

Illustrated notes

Levels and vault maps discovered:
D:1:      dpeg_arrival_oval, layout_basic,
          hellmonk_ecumenical_altar_heavens_door
D:2:      minmay_chambers_of_ones, layout_rooms, uniq_robin
D:3:      layout_rooms, dreamdust_princess_bridge, due_unseen_surprise
D:4:      nicolae_cairo_tiling_large_dashed, layout_basic,
          nicolae_qazlal_scattered_showers, uniq_blork_the_orc
D:5:      layout_basic, gammafunk_ghost_cemetery, uniq_menkaure, uniq_grinder,
          uniq_edmund
D:6:      layout_basic, minmay_temple_entry_butterflies, dk_rats_in_the_wall
D:7:      layout_basic, enter_bailey_4, corner_web_ring, uniq_pikel,
          uniq_crazy_yiuf_cottage
D:8:      layout_cave_pools, mainiacjoe_overflow_alcove_2
Temple:   nicolae_temple_slightly_damp_pantheon

Skill      XL: |  1  2  3  4  5  6  7  8  9 |
---------------+----------------------------+-----
Fighting       | 1 2 3 4 5 6 |  6.1
Spellcasting   | 2 3 4 5 |  5.0
Ice Magic      | 4 5 6 |  6.0
Dodging        | 2 3 |  3.0
Stealth        | 2 3 |  3.0
Long Blades    | 4 |  4.0
Ranged Weapons | 2 4 8 |  8.0

Action                   |  1- 3 |  4- 6 |  7- 9 || total
-------------------------+-------+-------+-------++-------
Melee: Dagger            |     2 |       |       ||     2
       Rapier            |       |    27 |       ||    27
       Falchion          |       |    19 |    66 ||    85
       Punch             |       |       |     3 ||     3
       Unarmed           |       |       |     3 ||     3
 Fire: Sling             |    22 |   151 |   117 ||   290
       Arbalest          |       |       |    32 ||    32
 Cast: Freeze            |    53 |    47 |   111 ||   211
       Ozocubu's Armour  |     3 |    18 |    26 ||    47
  Use: Scroll            |       |       |    12 ||    12
 Stab: Sleeping          |     2 |       |       ||     2
Armor: Robe              |     9 |    47 |    68 ||   124
Dodge: Dodged            |    24 |    78 |   196 ||   298

Table legend: (Time is in decaauts)
 A = Elapsed time spent in this place.
 B = Non-inter-level travel time spent in this place.
 C = Inter-level travel time spent in this place.
 D = Time resting spent in this place.
 E = Time spent auto-exploring this place.
 F = Levels seen in this place.
 G = Mean time per level.
                   A        B        C        D        E       F      G
               +--------+--------+--------+--------+--------+-----+--------+
         Total |   9510 |   8762 |    748 |   3872 |   2944 |   9 | 1056.7 |
       Dungeon |   9490 |   8742 |    748 |   3872 |   2944 |   8 | 1186.2 |
        Temple |     19 |     19 |      0 |      0 |      0 |   1 |   19.0 |
               +--------+--------+--------+--------+--------+-----+--------+

Top non-repeatable levels by time:
     D:5: 1838 daAuts
     D:6: 1562 daAuts
     D:4: 1541 daAuts
     D:3: 1300 daAuts
     D:7: 1274 daAuts
     D:1: 993 daAuts
     D:2: 975 daAuts
  Temple: 19 daAuts
     D:8: 4 daAuts
